 Dungeon Crawl Stone Soup version 0.31-a0-222-gefeffbb62a (webtiles) character file.

Game seed: 7811577510648758466

5367 qw the Cleaver (level 10, 0/65 HPs)
             Began as a Gargoyle Fighter on July 5, 2023.
             Was a Believer of Okawaru.
             Slain by a tentacled monstrosity (3 damage)
             ... on level 1 of the Abyss.
             The game lasted 00:04:56 (8257 turns).

qw the Cleaver (Gargoyle Fighter)                   Turns: 8257, Time: 00:04:57

Health: 0/65       AC: 22    Str: 24    XL:     10   Next: 65%
Magic:  10/11      EV:  9    Int:  7    God:    Okawaru [**....]
Gold:   192        SH:  9    Dex: 19    Spells: 9/9 levels left

rFire   . . .        Y - +2 broad axe (elec)
rCold   . . .        m - +2 buckler
rNeg    + . .        o - +0 plate armour
rPois   inf          (no helmet)
rElec   +            A - scarf {repulsion}
rCorr   +            C - +0 pair of gloves
SInv    .            (no boots)
Will    .....        (no amulet) Stlth
                     a - ring of resist corrosion
HPRegen 0.30/turn    g - +6 ring of dexterity
MPRegen 0.12/turn

%: repel missiles
@: about to teleport, heroic, constricted
A: sickness immunity, AC +7, negative energy resistance 1, electricity
resistance, torment resistance 1, petrification resistance, agile 1, low MP 1
a: Renounce Religion, Heroism


You were on level 1 of the Abyss.
You worshipped Okawaru.
Okawaru was pleased with you.
You visited 2 branches of the dungeon, and saw 10 of its levels.
You visited the Abyss 1 time.

You collected 528 gold pieces.
You spent 336 gold pieces at shops.


Innate Abilities, Weirdness & Mutations

You are immune to sickness and miasma.
Your stone body is resilient. (AC +7)
You are immune to poison.
You resist negative energy. (rN+)
You are resistant to electric shocks. (rElec)
You are resistant to unholy torment.
You are immune to petrification.
You are agile. (Dex +4, Str/Int -1)
Your magical capacity is low. (-10% MP)


   Skills:
 - Level 8.4(13.4) Fighting
 - Level 10.1(15.1) Axes
 - Level 1.5(6.5) Throwing
 + Level 4.1(9.1) Armour
 - Level 5.0(10.0) Dodging
 - Level 5.0(10.0) Shields
 - Level 4.1 Invocations


You had 9 spell levels left.
You didn't know any spells.
Your spell library was empty.

Inventory:

Hand Weapons
 b - a +0 morningstar
 Y - a +2 broad axe of electrocution (weapon)
Armour
 h - the +0 buckler of the Wasteland {rPois Will- rCorr Dex-4}
   (You acquired it on level 2 of the Dungeon)

   Dex:       It affects your dexterity (-4).
   rPois:     It protects you from poison.
   rCorr:     It protects you from acid and corrosion.
   Will:      It decreases your willpower.
 m - a +2 buckler (worn)
 o - a +0 plate armour (worn)
 y - a +0 cloak
 A - a scarf of repulsion (worn)
 C - a +0 pair of gloves (worn)
Jewellery
 a - a ring of resist corrosion (left hand)
 c - a ring of positive energy
 g - a +6 ring of dexterity (right hand)
 j - a ring of fire
 q - a ring of ice
Wands
 z - a wand of digging (4)
Scrolls
 l - a scroll of identify
 n - 2 scrolls of teleportation
 r - a scroll of blinking {unknown}
Potions
 d - a potion of might
 e - a potion of lignification
 f - a potion of haste
 i - a potion of enlightenment {unknown}
 k - 3 potions of curing
 p - a potion of heal wounds
 s - 3 potions of mutation
 u - a potion of cancellation {unknown}
 v - a potion of attraction {unknown}
 w - a potion of resistance {unknown}
 x - a potion of degeneration {unknown}

Dungeon Overview and Level Annotations

Branches:
Dungeon (9/15)             Temple (1/1) D:6
   Lair: D:8-11         Orc: D:9-12

Altars:
Ashenzari
Cheibriados
Dithmenos
Elyvilon
Fedhas
Gozag
Hepliaklqana
Kikubaaqudgha
Makhleb
Nemelex Xobeh
Okawaru
Qazlal
Ru
Sif Muna
Trog
Uskayaw
Wu Jian
Xom
Yredelemnul
Zin
The Shining One

Shops:
D:3 *   D:8 [

Annotations:
D:7 1 runed translucent door, Crazy Yiuf
D:9 Psyche


Message History

You slice the tentacled monstrosity!!
The tentacled monstrosity is moderately wounded.
You barely miss the tentacled monstrosity.
The tentacled monstrosity is moderately wounded.
The tentacled monstrosity barely misses you.
The tentacled monstrosity tentacle-slaps you.
The tentacled monstrosity tentacle-slaps you but does no damage.
The tentacled monstrosity grabs you.
The tentacled monstrosity constricts you.
You slash the tentacled monstrosity!
The tentacled monstrosity is moderately wounded.
The tentacled monstrosity tentacle-slaps you but does no damage.
You block the tentacled monstrosity's attack.
The tentacled monstrosity tentacle-slaps you but does no damage.
The tentacled monstrosity constricts you!
You slice the tentacled monstrosity!!
The tentacled monstrosity is heavily wounded.
The tentacled monstrosity tentacle-slaps you but does no damage.
The tentacled monstrosity tentacle-slaps you!
The tentacled monstrosity tentacle-slaps you but does no damage.
The tentacled monstrosity constricts you.
You slash the tentacled monstrosity!
The tentacled monstrosity is severely wounded.
The tentacled monstrosity tentacle-slaps you but does no damage. x2
The tentacled monstrosity tentacle-slaps you.
The tentacled monstrosity constricts you.
You slash the tentacled monstrosity!
The tentacled monstrosity is severely wounded.
The tentacled monstrosity tentacle-slaps you.
You block the tentacled monstrosity's attack.
The tentacled monstrosity tentacle-slaps you but does no damage.
The tentacled monstrosity constricts you!
8257 ||| READING 3 scrolls of teleportation.
As you read the scroll of teleportation, it crumbles to dust.
You feel strangely unstable.
You feel the power of the Abyss delaying your translocation!
The tentacled monstrosity barely misses you.
The tentacled monstrosity tentacle-slaps you!
The tentacled monstrosity tentacle-slaps you.
You die...

... # #...
.###
#...####...
##.........##.
...#......>.
#........
#.##.X.#.#
#....@..#
#..#....# .
... ##.#.# ...
. #.##.####..
# ## #...
....#
#......#.
...... \......
####
#.........
...\. ....


You could see a tentacled monstrosity.

Vanquished Creatures
  A two-headed ogre (D:9)
  Maurice (D:8)
  Maggie (D:7)
  Prince Ribbit (D:8)
  3 steam dragons
  4 water moccasins
  2 ice beasts
  A black bear (D:5)
  3 orc warriors
  3 ogres
  4 centaurs
  A phantom (D:5)
  A kobold brigand (D:9)
  Blork the orc (D:5)
  3 bullfrogs
  2 scorpions (D:7)
  A gnoll sergeant (D:7)
  7 wights
  A jelly (D:5)
  A howler monkey (D:7)
  5 orc priests
  5 hounds
  Jessica (D:2)
  Ijyb (D:5)
  5 iguanas
  9 orc wizards
  9 adders
  12 gnolls (D:7)
  A shadow imp (D:6)
  A white imp (D:6)
  2 ufetubi (D:5)
  3 worms
  9 dart slugs
  36 orcs
  3 bats
  6 endoplasms
  5 giant cockroaches
  4 goblins (D:1)
  5 hobgoblins
  11 jackals
  11 kobolds
  7 ball pythons
  6 frilled lizards
  4 rats (D:1)
203 creatures vanquished.

Vanquished Creatures (others)
  An orc (D:8)
1 creature vanquished.

Grand Total: 204 creatures vanquished

Notes
Turn   | Place    | Note
-------+----------+-------------------------------------------
     0 | D:1      | qw the Gargoyle Fighter began the quest for the Orb.
     0 | D:1      | Reached XP level 1. HP: 14/14 MP: 1/1
     0 | D:1      | 0 ||| qw: Version: 0.3-a-46-gb1f654a
     0 | D:1      | 0 ||| qw: Game counter: 1006
     0 | D:1      | 0 ||| qw: Melee chars always use a shield: true
     0 | D:1      | 0 ||| qw: God list: Okawaru
     0 | D:1      | 0 ||| qw: Allow faded altars: false
     0 | D:1      | 0 ||| qw: Do Orc after clearing Dungeon:15 true
     0 | D:1      | 0 ||| qw: Do second Lair branch before Depths: true
     0 | D:1      | 0 ||| qw: Lair rune preference: random
     0 | D:1      | 0 ||| qw: Goals: Normal, Zot:1-4, Slime:5, God:TSO, Crypt,
                  | Tomb, Abyss, Pan, Hells, Win
     0 | D:1      | 0 ||| PLANNING D:1-11
    30 | D:1      | 30 ||| Stepping ~*~*~tactically~*~*~ (hiding).
    38 | D:1      | Reached skill level 2 in Axes
   177 | D:1      | Reached XP level 2. HP: 16/19 MP: 2/2
   245 | D:1      | 245 ||| Stepping ~*~*~tactically~*~*~ (stealth).
   423 | D:1      | 423 ||| FLEEEEING.
   424 | D:1      | 424 ||| FLEEEEING.
   436 | D:1      | Reached skill level 3 in Axes
   442 | D:1      | Reached XP level 3. HP: 23/23 MP: 3/3
   644 | D:1      | 644 ||| Stepping ~*~*~tactically~*~*~ (stealth).
   947 | D:1      | 947 ||| UPGRADING to +2 buckler.
   957 | D:1      | 957 ||| DROPPING +0 buckler.
   958 | D:1      | 958 ||| DROPPING +6 ring of intelligence.
   959 | D:1      | 959 ||| READING scroll labelled BOARYL NYUXI.
   960 | D:1      | 960 ||| READING scroll labelled MYAHONG KAHONN.
   976 | D:1      | 976 ||| READING scroll labelled QEG KINEUPNOCH.
   977 | D:1      | 977 ||| READING 2 scrolls labelled LAHINO CAOGRI.
   982 | D:1      | 982 ||| READING scroll labelled YDEHOKH BEYS.
   982 | D:1      | Identified a scroll of acquirement
   982 | D:1      | 982 ||| ACQUIRING ring of resist corrosion
   982 | D:1      | Acquired a ring of resist corrosion
   984 | D:1      | 984 ||| UPGRADING to ring of resist corrosion.
   985 | D:1      | 985 ||| DRINKING 3 metallic clear potions.
   985 | D:1      | Gained mutation: You have hidden genetic potential. [potion
                  | of mutation]
   985 | D:1      | Gained mutation: You sometimes lose your temper in combat.
                  | [potion of mutation]
   985 | D:1      | Gained mutation: Your mind is acute. (Int +4, Str/Dex -1)
                  | [potion of mutation]
   986 | D:1      | 986 ||| DRINKING 2 potions of mutation.
   986 | D:1      | Lost mutation: You have hidden genetic potential. [potion
                  | of mutation]
   986 | D:1      | Lost mutation: You sometimes lose your temper in combat.
                  | [potion of mutation]
   986 | D:1      | Lost mutation: Your mind is acute. (Int +4, Str/Dex -1)
                  | [potion of mutation]
   986 | D:1      | Gained mutation: You are frail. (-10% HP) [potion of
                  | mutation]
   987 | D:1      | 987 ||| DRINKING potion of mutation.
   987 | D:1      | Lost mutation: You are frail. (-10% HP) [potion of
                  | mutation]
   987 | D:1      | Gained mutation: Your magical capacity is low. (-10% MP)
                  | [potion of mutation]
   987 | D:1      | Gained mutation: You are agile. (Dex +4, Str/Int -1)
                  | [potion of mutation]
  1042 | D:2      | 1042 ||| DROPPING +0 club.
  1174 | D:2      | 1174 ||| Stepping ~*~*~tactically~*~*~ (stealth).
  1175 | D:2      | 1175 ||| Stepping ~*~*~tactically~*~*~ (stealth).
  1184 | D:2      | Noticed Jessica
  1188 | D:2      | Killed Jessica
  1189 | D:2      | Reached skill level 4 in Axes
  1189 | D:2      | Reached XP level 4. HP: 26/28 MP: 3/3
  1248 | D:2      | 1248 ||| READING scroll of acquirement.
  1248 | D:2      | 1248 ||| ACQUIRING +0 buckler of the Wasteland {rPois Will-
                  | rCorr Dex-4}
  1248 | D:2      | Acquired the +0 buckler of the Wasteland {rPois Will- rCorr
                  | Dex-4}
  1508 | D:2      | 1508 ||| UPGRADING to +6 ring of dexterity.
  1540 | D:3      | 1540 ||| Stepping ~*~*~tactically~*~*~ (stealth).
  1543 | D:3      | 1543 ||| Stepping ~*~*~tactically~*~*~ (stealth).
  1549 | D:3      | Reached skill level 1 in Dodging
  1549 | D:3      | 1549 ||| Stepping ~*~*~tactically~*~*~ (stealth).
  1551 | D:3      | 1551 ||| Stepping ~*~*~tactically~*~*~ (hiding).
  1559 | D:3      | 1559 ||| Stepping ~*~*~tactically~*~*~ (stealth).
  1565 | D:3      | 1565 ||| Stepping ~*~*~tactically~*~*~ (hiding).
  1735 | D:3      | Found a white marble altar of Elyvilon.
  1798 | D:3      | Reached XP level 5. HP: 31/32 MP: 4/4
  1802 | D:3      | 1802 ||| DROPPING +0 whip.
  1904 | D:3      | 1904 ||| Stepping ~*~*~tactically~*~*~ (hiding).
  1906 | D:3      | 1906 ||| Stepping ~*~*~tactically~*~*~ (hiding).
  1907 | D:3      | 1907 ||| Stepping ~*~*~tactically~*~*~ (hiding).
  2109 | D:3      | 2109 ||| DROPPING +0 mace.
  2134 | D:3      | Found Qonubal's Assorted Antiques.
  2142 | D:3      | 2142 ||| BUYING bone wand (72 gold).
  2142 | D:3      | Bought a bone wand for 72 gold pieces
  2142 | D:3      | 2142 ||| BUYING scroll labelled LOPTUXTYW XUYH (18 gold).
  2142 | D:3      | Bought a scroll labelled LOPTUXTYW XUYH for 18 gold pieces
  2142 | D:3      | 2142 ||| BUYING scroll labelled UTIMUO XAUTOR (18 gold).
  2142 | D:3      | Bought a scroll labelled UTIMUO XAUTOR for 18 gold pieces
  2142 | D:3      | 2142 ||| BUYING scroll labelled UTIMUO XAUTOR (18 gold).
  2142 | D:3      | Bought a scroll labelled UTIMUO XAUTOR for 18 gold pieces
  2142 | D:3      | 2142 ||| SHOPLISTING sedimented puce potion (16 gold, have
                  | 13).
  2202 | D:3      | Identified the +5 scale mail "Waroleq" {Will- Dex+4 Stlth+}
  2407 | D:3      | 2407 ||| UPGRADING to +0 chain mail.
  2417 | D:3      | 2417 ||| DROPPING +0 scale mail.
  2418 | D:3      | 2418 ||| UPGRADING to +5 scale mail "Waroleq" {Will- Dex+4
                  | Stlth+}.
  2428 | D:3      | 2428 ||| DROPPING +0 chain mail.
  2429 | D:3      | 2429 ||| READING scroll labelled KYNOXENTIA.
  2430 | D:3      | 2430 ||| READING scroll labelled LOPTUXTYW XUYH.
  2431 | D:3      | 2431 ||| READING 2 scrolls labelled UTIMUO XAUTOR.
  2432 | D:3      | 2432 ||| DROPPING wand of polymorph (5).
  2433 | D:3      | 2433 ||| DROPPING scroll of amnesia.
  2491 | D:4      | 2491 ||| Stepping ~*~*~tactically~*~*~ (stealth).
  2526 | D:4      | 2526 ||| Stepping ~*~*~tactically~*~*~ (stealth).
  2528 | D:4      | 2528 ||| Stepping ~*~*~tactically~*~*~ (stealth).
  2530 | D:4      | 2530 ||| Stepping ~*~*~tactically~*~*~ (stealth).
  2534 | D:4      | 2534 ||| Stepping ~*~*~tactically~*~*~ (stealth).
  2591 | D:4      | 2591 ||| Stepping ~*~*~tactically~*~*~ (stealth).
  2593 | D:4      | 2593 ||| Stepping ~*~*~tactically~*~*~ (stealth).
  2595 | D:4      | 2595 ||| Stepping ~*~*~tactically~*~*~ (stealth).
  2602 | D:4      | Reached skill level 5 in Axes
  2641 | D:4      | 2641 ||| Stepping ~*~*~tactically~*~*~ (hiding).
  2714 | D:4      | Noticed a water moccasin
  2715 | D:4      | 2715 ||| Stepping ~*~*~tactically~*~*~ (stealth).
  2728 | D:4      | Killed a water moccasin
  2729 | D:4      | Reached XP level 6. HP: 34/39 MP: 5/5
  2760 | D:4      | 2760 ||| Stepping ~*~*~tactically~*~*~ (stealth).
  2809 | D:4      | 2809 ||| DROPPING +0 flail.
  2831 | D:4      | 2831 ||| Stepping ~*~*~tactically~*~*~ (stealth).
  2960 | D:4      | 2960 ||| Stepping ~*~*~tactically~*~*~ (stealth).
  2962 | D:4      | 2962 ||| Stepping ~*~*~tactically~*~*~ (stealth).
  2964 | D:4      | 2964 ||| Stepping ~*~*~tactically~*~*~ (stealth).
  2966 | D:4      | 2966 ||| Stepping ~*~*~tactically~*~*~ (stealth).
  2968 | D:4      | 2968 ||| Stepping ~*~*~tactically~*~*~ (stealth).
  2970 | D:4      | 2970 ||| Stepping ~*~*~tactically~*~*~ (stealth).
  3341 | D:4      | 3341 ||| READING scroll labelled CUWYCU DUYN.
  3342 | D:4      | 3342 ||| READING scroll labelled DADWOERR RAHIO.
  3343 | D:4      | 3343 ||| READING 2 scrolls of identify.
  3343 | D:4      | 3343 ||| IDENTIFYING red potion
  3385 | D:5      | Entered Level 5 of the Dungeon
  3389 | D:5      | 3389 ||| Stepping ~*~*~tactically~*~*~ (stealth).
  3391 | D:5      | 3391 ||| Stepping ~*~*~tactically~*~*~ (stealth).
  3399 | D:5      | Noticed Ijyb
  3400 | D:5      | 3400 ||| FLEEEEING.
  3414 | D:5      | Killed Ijyb
  3415 | D:5      | Reached XP level 7. HP: 34/44 MP: 6/6
  3477 | D:5      | Noticed Blork the orc
  3490 | D:5      | Killed Blork the orc
  3491 | D:5      | Reached skill level 6 in Axes
  3593 | D:5      | 3593 ||| Stepping ~*~*~tactically~*~*~ (stealth).
  3596 | D:5      | 3596 ||| Stepping ~*~*~tactically~*~*~ (stealth).
  3598 | D:5      | 3598 ||| Stepping ~*~*~tactically~*~*~ (hiding).
  3599 | D:5      | 3599 ||| Stepping ~*~*~tactically~*~*~ (hiding).
  3601 | D:5      | 3601 ||| Stepping ~*~*~tactically~*~*~ (stealth).
  3602 | D:5      | 3602 ||| Stepping ~*~*~tactically~*~*~ (stealth).
  3606 | D:5      | 3606 ||| Stepping ~*~*~tactically~*~*~ (stealth).
  3655 | D:5      | 3655 ||| Stepping ~*~*~tactically~*~*~ (stealth).
  3798 | D:5      | 3798 ||| Stepping ~*~*~tactically~*~*~ (stealth).
  3801 | D:5      | 3801 ||| Stepping ~*~*~tactically~*~*~ (stealth).
  3822 | D:5      | Reached skill level 7 in Axes
  3835 | D:5      | 3835 ||| Stepping ~*~*~tactically~*~*~ (stealth).
  3838 | D:5      | 3838 ||| Stepping ~*~*~tactically~*~*~ (stealth).
  3839 | D:5      | 3839 ||| Stepping ~*~*~tactically~*~*~ (stealth).
  3873 | D:5      | 3873 ||| Stepping ~*~*~tactically~*~*~ (stealth).
  3901 | D:5      | Reached skill level 6 in Fighting
  3901 | D:5      | Reached XP level 8. HP: 45/51 MP: 7/7
  3917 | D:5      | 3917 ||| Stepping ~*~*~tactically~*~*~ (stealth).
  3918 | D:5      | 3918 ||| Stepping ~*~*~tactically~*~*~ (stealth).
  3923 | D:5      | 3923 ||| Stepping ~*~*~tactically~*~*~ (stealth).
  3924 | D:5      | 3924 ||| Stepping ~*~*~tactically~*~*~ (stealth).
  3926 | D:5      | 3926 ||| Stepping ~*~*~tactically~*~*~ (stealth).
  3983 | D:5      | Reached skill level 1 in Throwing
  4276 | D:5      | 4276 ||| READING 2 scrolls labelled ECVENE TEETH.
  4277 | D:5      | 4277 ||| DRINKING 2 sedimented puce potions.
  4278 | D:5      | 4278 ||| DROPPING scroll of noise.
  4324 | D:6      | 4324 ||| Stepping ~*~*~tactically~*~*~ (stealth).
  4326 | D:6      | 4326 ||| Stepping ~*~*~tactically~*~*~ (hiding).
  4466 | D:6      | 4466 ||| Stepping ~*~*~tactically~*~*~ (stealth).
  4468 | D:6      | 4468 ||| Stepping ~*~*~tactically~*~*~ (stealth).
  4521 | D:6      | 4521 ||| Stepping ~*~*~tactically~*~*~ (stealth).
  4591 | D:6      | 4591 ||| Stepping ~*~*~tactically~*~*~ (stealth).
  4592 | D:6      | 4592 ||| Stepping ~*~*~tactically~*~*~ (stealth).
  4593 | D:6      | 4593 ||| Stepping ~*~*~tactically~*~*~ (stealth).
  4594 | D:6      | 4594 ||| Stepping ~*~*~tactically~*~*~ (stealth).
  4655 | D:6      | Reached skill level 8 in Axes
  4684 | D:6      | 4684 ||| Stepping ~*~*~tactically~*~*~ (stealth).
  4686 | D:6      | 4686 ||| Stepping ~*~*~tactically~*~*~ (stealth).
  4705 | D:6      | 4705 ||| Stepping ~*~*~tactically~*~*~ (stealth).
  4779 | D:6      | Found a staircase to the Ecumenical Temple.
  4780 | D:6      | 4780 ||| PLANNING TEMPLE
  4780 | D:6      | 4780 ||| READING scroll labelled LUMYFEWELU.
  4781 | D:6      | 4781 ||| DRINKING 2 clear potions.
  4790 | Temple   | Entered the Ecumenical Temple
  4798 | Temple   | 4798 ||| PLANNING OKAWARU WORSHIP
  5027 | Temple   | Became a worshipper of Warmaster Okawaru
  5028 | Temple   | 5028 ||| PLANNING D:1-11
  5048 | D:6      | 5048 ||| Stepping ~*~*~tactically~*~*~ (stealth).
  5078 | D:6      | 5078 ||| Stepping ~*~*~tactically~*~*~ (stealth).
  5080 | D:6      | 5080 ||| Stepping ~*~*~tactically~*~*~ (stealth).
  5128 | D:6      | 5128 ||| Stepping ~*~*~tactically~*~*~ (stealth).
  5188 | D:6      | Reached skill level 3 in Dodging
  5448 | D:7      | 5448 ||| STAIRDANCE
  5456 | D:6      | Reached XP level 9. HP: 27/55 MP: 8/8
  5467 | D:6      | 5467 ||| FLEEEEING.
  5468 | D:6      | 5468 ||| FLEEEEING.
  5469 | D:6      | 5469 ||| FLEEEEING.
  5470 | D:6      | 5470 ||| FLEEEEING.
  5471 | D:6      | 5471 ||| FLEEEEING.
  5472 | D:6      | 5472 ||| FLEEEEING.
  5473 | D:6      | 5473 ||| FLEEEEING.
  5480 | D:6      | 5480 ||| STAIRDANCE
  5561 | D:6      | 5561 ||| Stepping ~*~*~tactically~*~*~ (stealth).
  5599 | D:7      | 5599 ||| Stepping ~*~*~tactically~*~*~ (stealth).
  5601 | D:7      | 5601 ||| Stepping ~*~*~tactically~*~*~ (stealth).
  5603 | D:7      | 5603 ||| Stepping ~*~*~tactically~*~*~ (stealth).
  5605 | D:7      | 5605 ||| Stepping ~*~*~tactically~*~*~ (stealth).
  5615 | D:7      | Reached * piety under Okawaru
  5616 | D:7      | Reached skill level 9 in Axes
  5643 | D:7      | Reached skill level 1 in Invocations
  5699 | D:7      | 5699 ||| READING scroll of acquirement.
  5699 | D:7      | 5699 ||| ACQUIRING +2 broad axe of electrocution
  5699 | D:7      | Acquired a +2 broad axe of electrocution
  5701 | D:7      | 5701 ||| SWAPPING to +2 broad axe of electrocution.
  5702 | D:7      | 5702 ||| DROPPING +1 war axe.
  5756 | D:7      | 5756 ||| FLEEEEING.
  5770 | D:7      | 5770 ||| Stepping ~*~*~tactically~*~*~ (hiding).
  5774 | D:7      | 5774 ||| INVOKING Heroism.
  5852 | D:7      | 5852 ||| Stepping ~*~*~tactically~*~*~ (stealth).
  5854 | D:7      | 5854 ||| Stepping ~*~*~tactically~*~*~ (stealth).
  5859 | D:7      | Noticed Maggie
  5860 | D:7      | 5860 ||| Stepping ~*~*~tactically~*~*~ (hiding).
  5872 | D:7      | Killed Maggie
  5873 | D:7      | Reached skill level 3 in Invocations
  5882 | D:7      | 5882 ||| Stepping ~*~*~tactically~*~*~ (stealth).
  5897 | D:7      | 5897 ||| Stepping ~*~*~tactically~*~*~ (hiding).
  5908 | D:7      | 5908 ||| Stepping ~*~*~tactically~*~*~ (stealth).
  6009 | D:7      | 6009 ||| Stepping ~*~*~tactically~*~*~ (stealth).
  6011 | D:7      | 6011 ||| Stepping ~*~*~tactically~*~*~ (stealth).
  6016 | D:7      | Reached ** piety under Okawaru
  6056 | D:7      | 6056 ||| Stepping ~*~*~tactically~*~*~ (stealth).
  6058 | D:7      | 6058 ||| Stepping ~*~*~tactically~*~*~ (stealth).
  6062 | D:7      | 6062 ||| Stepping ~*~*~tactically~*~*~ (hiding).
  6168 | D:7      | Found a runed translucent door.
  6169 | D:7      | Noticed Crazy Yiuf
  6212 | D:7      | 6212 ||| INVOKING Heroism.
  6260 | D:7      | 6260 ||| Stepping ~*~*~tactically~*~*~ (stealth).
  6262 | D:7      | 6262 ||| Stepping ~*~*~tactically~*~*~ (stealth).
  6264 | D:7      | 6264 ||| Stepping ~*~*~tactically~*~*~ (stealth).
  6266 | D:7      | 6266 ||| Stepping ~*~*~tactically~*~*~ (stealth).
  6268 | D:7      | 6268 ||| Stepping ~*~*~tactically~*~*~ (stealth).
  6270 | D:7      | 6270 ||| Stepping ~*~*~tactically~*~*~ (stealth).
  6272 | D:7      | 6272 ||| Stepping ~*~*~tactically~*~*~ (hiding).
  6290 | D:7      | 6290 ||| Stepping ~*~*~tactically~*~*~ (stealth).
  6292 | D:7      | 6292 ||| Stepping ~*~*~tactically~*~*~ (stealth).
  6294 | D:7      | 6294 ||| Stepping ~*~*~tactically~*~*~ (stealth).
  6296 | D:7      | 6296 ||| INVOKING Heroism.
  6561 | D:7      | 6561 ||| UPGRADING to scarf of repulsion.
  6566 | D:7      | 6566 ||| DROPPING ring of flight.
  6567 | D:7      | 6567 ||| READING scroll labelled YRUHOW DOUKHLAL.
  6568 | D:7      | 6568 ||| DRINKING 2 purple potions.
  6569 | D:7      | 6569 ||| DROPPING potion of invisibility.
  6684 | D:8      | Reached skill level 10 in Axes
  6684 | D:8      | Reached XP level 10. HP: 60/63 MP: 11/11
  6697 | D:8      | Noticed Prince Ribbit
  6713 | D:8      | Killed Prince Ribbit
  6790 | D:8      | Noticed Maurice
  6796 | D:8      | Killed Maurice
  6851 | D:8      | 6851 ||| Stepping ~*~*~tactically~*~*~ (stealth).
  6853 | D:8      | 6853 ||| Stepping ~*~*~tactically~*~*~ (hiding).
  6856 | D:8      | 6856 ||| Stepping ~*~*~tactically~*~*~ (hiding).
  6858 | D:8      | 6858 ||| Stepping ~*~*~tactically~*~*~ (hiding).
  6859 | D:8      | 6859 ||| Stepping ~*~*~tactically~*~*~ (hiding).
  6982 | D:8      | Found Wecaaw's Antique Armour Emporium.
  6984 | D:8      | 6984 ||| INVOKING Heroism.
  6994 | D:8      | 6994 ||| Stepping ~*~*~tactically~*~*~ (cloud).
  7022 | D:8      | 7022 ||| SHOPLISTING +7 Kryia's mail coat {PotionHeal*2
                  | rC+} (1800 gold, have 349).
  7022 | D:8      | 7022 ||| SHOPLISTING plate armour (690 gold, have 349).
  7022 | D:8      | 7022 ||| BUYING runed ring mail (210 gold).
  7022 | D:8      | Bought a runed ring mail for 210 gold pieces
  7022 | D:8      | 7022 ||| SHOPLISTING shiny plate armour (780 gold, have
                  | 139).
  7039 | D:8      | 7039 ||| Stepping ~*~*~tactically~*~*~ (stealth).
  7041 | D:8      | 7041 ||| Stepping ~*~*~tactically~*~*~ (stealth).
  7416 | D:8      | 7416 ||| DROPPING +2 robe of resistance.
  7417 | D:8      | 7417 ||| UPGRADING to +0 pair of gloves.
  7422 | D:8      | 7422 ||| READING scroll labelled BET HONARABIDE.
  7423 | D:8      | 7423 ||| DRINKING 2 golden potions.
  7451 | D:9      | 7451 ||| Stepping ~*~*~tactically~*~*~ (hiding).
  7452 | D:9      | 7452 ||| Stepping ~*~*~tactically~*~*~ (hiding).
  7453 | D:9      | 7453 ||| Stepping ~*~*~tactically~*~*~ (hiding).
  7454 | D:9      | 7454 ||| Stepping ~*~*~tactically~*~*~ (hiding).
  7457 | D:9      | 7457 ||| INVOKING Heroism.
  7493 | D:9      | Noticed a two-headed ogre
  7494 | D:9      | 7494 ||| INVOKING Heroism.
  7504 | D:9      | Killed a two-headed ogre
  7504 | D:9      | Reached *** piety under Okawaru
  7535 | D:9      | Found an opulent altar of Gozag.
  7621 | D:9      | 7621 ||| Stepping ~*~*~tactically~*~*~ (stealth).
  7624 | D:9      | 7624 ||| Stepping ~*~*~tactically~*~*~ (cloud).
  7625 | D:9      | 7625 ||| INVOKING Heroism.
  7706 | D:9      | 7706 ||| Stepping ~*~*~tactically~*~*~ (stealth).
  7708 | D:9      | 7708 ||| Stepping ~*~*~tactically~*~*~ (stealth).
  7714 | D:9      | 7714 ||| Stepping ~*~*~tactically~*~*~ (stealth).
  7719 | D:9      | 7719 ||| Stepping ~*~*~tactically~*~*~ (stealth).
  7725 | D:9      | 7725 ||| INVOKING Heroism.
  7851 | D:9      | 7851 ||| UPGRADING to +0 plate armour.
  7881 | D:9      | 7881 ||| UPGRADING to +0 plate armour.
  7891 | D:9      | 7891 ||| DROPPING +3 ring mail of fire resistance.
  7892 | D:9      | 7892 ||| DROPPING +5 scale mail "Waroleq" {Will- Dex+4
                  | Stlth+}.
  8005 | D:9      | 8005 ||| Stepping ~*~*~tactically~*~*~ (stealth).
  8009 | D:9      | 8009 ||| Stepping ~*~*~tactically~*~*~ (stealth).
  8042 | D:9      | Found a stormy altar of Qazlal.
  8132 | D:9      | Noticed Psyche
  8133 | D:9      | 8133 ||| INVOKING Heroism.
  8147 | Abyss:1  | Cast into level 1 of the Abyss (Psyche)
  8247 | Abyss:1  | Noticed a tentacled monstrosity
  8248 | Abyss:1  | 8248 ||| INVOKING Heroism.
  8256 | Abyss:1  | HP: 11/65 [constriction (8)]
  8257 | Abyss:1  | 8257 ||| READING 3 scrolls of teleportation.
  8257 | Abyss:1  | HP: 3/65 [tentacled monstrosity (8)]
  8257 | Abyss:1  | Slain by a tentacled monstrosity

Levels and vault maps discovered:
D:1:      spicycebolla_green_bress_n_ham_2, layout_basic
D:2:      layout_basic, wad_floor_pattern_2, grunt_ministairs_10, uniq_jessica
D:3:      layout_loops_ring, elyvilon_altar_1, serial_shops, shop,
          minmay_misc_feat_plants, grunt_ministairs_8
D:4:      layout_basic, kennysheep_orc_chapel
D:5:      layout_basic, hangedman_abyss_or_decor_passed, uniq_blork_the_orc,
          uniq_ijyb
D:6:      layout_basic, minmay_temple_entry_junction_2
D:7:      layout_loops_ring, uniq_crazy_yiuf_cottage, uniq_maggie
D:8:      layout_basic, serial_shops, shop, uniq_prince_ribbit1, uniq_maurice
D:9:      layout_basic, grunt_qazlal_sundering, mainiacjoe_overflow_boulevard,
          lair_entry_dummy, uniq_psyche
Temple:   mainiacjoe_temple_bowtie_tessellation
Abyss:1:  base:
D:4

Skill      XL: |  1  2  3  4  5  6  7  8  9 10 |
---------------+-------------------------------+-----
Axes           | 2 3 4 5 7 8 10 | 10.1
Dodging        | 1 2 3 5 |  5.0
Fighting       | 4 6 7 8 |  8.4
Throwing       | 1 |  1.5
Invocations    | 4 |  4.1
Shields        | 4 5 |  5.0
Armour         | 4 |  4.1

Action                     |  1- 3 |  4- 6 |  7- 9 | 10-12 || total
---------------------------+-------+-------+-------+-------++-------
  Melee: War axe           |   112 |   151 |   174 |       ||   437
         Broad axe         |       |       |    74 |    86 ||   160
  Throw: Boomerang         |       |       |    52 |    17 ||    69
 Invoke: Heroism           |       |       |     3 |     7 ||    10
    Use: Scroll            |     5 |     7 |     4 |     2 ||    18
         Potion            |     3 |       |     3 |     1 ||     7
   Stab: Sleeping          |       |       |     1 |       ||     1
 Armour: Scale mail        |    49 |    51 |    88 |    23 ||   211
         Plate armour      |       |       |       |    21 ||    21
  Dodge: Dodged            |    48 |    61 |   128 |    41 ||   278
         Repelled          |       |       |       |     4 ||     4
  Block: Buckler           |    24 |    49 |    90 |    18 ||   181

Table legend:
 A = Non-vault XP
 B = Vault XP
 C = Vault XP percentage of total XP
 D = Non-vault monster count
 E = Vault monster count
 F = Vault count percentage of total count
                 A         B        C        D         E       F
            +---------+---------+-------+---------+---------+-------
      Total |    6315 |    1353 |  17.6 |     186 |      17 |   8.4
            +---------+---------+-------+---------+---------+-------
        D:1 |      65 |       0 |   0.0 |      34 |       0 |   0.0
        D:2 |      34 |      40 |  54.1 |      10 |       3 |  23.1
        D:3 |      62 |       8 |  11.4 |      15 |       4 |  21.1
        D:4 |     300 |      87 |  22.5 |      20 |       5 |  20.0
        D:5 |     818 |     123 |  13.1 |      22 |       2 |   8.3
        D:6 |     974 |       0 |   0.0 |      24 |       0 |   0.0
        D:7 |    1455 |     395 |  21.4 |      26 |       1 |   3.7
        D:8 |     609 |     700 |  53.5 |      11 |       2 |  15.4
        D:9 |    1998 |       0 |   0.0 |      24 |       0 |   0.0
            +---------+---------+-------+---------+---------+-------
